 Dungeon Crawl Stone Soup version 0.31-a0-1183-gd88bbb8b4d (webtiles) character file.

Game seed: 16552158818494076303

139 qw the Shooter (level 5, -6/34 HPs)
             Began as a Gargoyle Hunter on Dec 11, 2023.
             Mangled by Sigmund
             ... wielding a +0 scythe
              (9 damage)
             ... on level 3 of the Dungeon.
             The game lasted 00:00:37 (1779 turns).

qw the Shooter (Gargoyle Hunter)                    Turns: 1779, Time: 00:00:37

Health: -6/34      AC: 12    Str: 14    XL:     5   Next: 22%
Magic:  5/5        EV: 10    Int: 10    God:
Gold:   7          SH:  0    Dex: 15    Spells: 4/4 levels left

rFire   . . .        a - +0 shortbow
rCold   . . .        (shield currently unavailable)
rNeg    + . .        d - +0 ring mail
rPois   inf          f - +2 helmet
rElec   +            (no cloak)
rCorr   .            (no gloves)
SInv    .            (no boots)
Will    .....        (no amulet)
Stlth   +            (no ring)
HPRegen 0.25/turn    (no ring)
MPRegen 0.09/turn

%: no passive effects
@: no status effects
A: sickness immunity, AC +4, negative energy resistance 1, electricity
resistance, torment resistance 1, petrification resistance
a: no special abilities


You were on level 3 of the Dungeon.
You visited 1 branch of the dungeon, and saw 3 of its levels.

You collected 183 gold pieces.
You spent 176 gold pieces at shops.


Innate Abilities, Weirdness & Mutations

You are immune to sickness and miasma.
Your stone body is resilient. (AC +4)
You are immune to poison.
You resist negative energy. (rN+)
You are resistant to electric shocks. (rElec)
You are resistant to unholy torment.
You are immune to petrification.


   Skills:
 - Level 4.4 Fighting
 + Level 5.1 Ranged Weapons
 - Level 1.0 Armour
 - Level 1.5 Dodging
 - Level 1.1 Stealth


You had 4 spell levels left.
You didn't know any spells.
Your spell library was empty.

Inventory:

Hand Weapons
 a - a +0 shortbow (weapon)
Armour
 d - a +0 ring mail (worn)
 e - a +0 cloak
 f - a +2 helmet (worn)
 g - a +0 pair of gloves
Scrolls
 b - a scroll of poison {unknown}
 i - a scroll of identify
 j - a scroll of noise {unknown}
Potions
 c - 3 potions of heal wounds {unknown}
 h - 3 potions of curing

Dungeon Overview and Level Annotations

Branches:
Dungeon (3/15)

Altars:

Shops:
D:3 ![(

Annotations:
D:3 Sigmund


Message History

Sigmund is lightly wounded.
Sigmund gestures at you while chanting. You resist with some effort.
You shoot an arrow. The arrow closely misses Sigmund.
Sigmund points at you and mumbles some strange words.
The magic dart hits you!
You shoot an arrow. The arrow hits Sigmund!
Sigmund is heavily wounded.
You shoot an arrow.
The arrow hits Sigmund but does no damage.
Sigmund is heavily wounded.
Sigmund gestures wildly while chanting.
Sigmund flickers and vanishes!
Deactivating autopickup; reactivate with Ctrl-A.
Something hits you but does no damage.
You shoot an arrow. You shoot an arrow.
You hear some strange, mumbled words.
You are confused.
You hear some strange, mumbled words.
A puff of flame appears from out of thin air!
The puff of flame hits you!
You shoot an arrow. Something hits you.
You shoot an arrow. Something hits you.
You shoot an arrow. You shoot an arrow.
You feel less confused. Something hits you.
You shoot an arrow. Something hits you but does no damage.
You shoot an arrow. Something hits you but does no damage.
You shoot an arrow.
A magic dart appears from out of thin air!
The magic dart hits you.
You shoot an arrow. Something hits you!
You die...

#>######.#
#..## #.#
#.#...##.#
#...####
#..###.#[#
#.#...^#
#..# #...#
#.####.#
#..###.#.#
#.# #.#
#........#
### ###
####.##.##
#)##.##
#.##.@#
#.###.'...#
#.#
#.'{.#.#
..# ###..#
.## ....
..... #####


There were no monsters in sight!

Vanquished Creatures
  An ogre (D:3)
  An adder (D:3)
  2 dart slugs
  3 orcs (D:3)
  3 ball pythons (D:1)
  4 bats
  2 endoplasms
  2 giant cockroaches
  3 hobgoblins (D:1)
  A quokka (D:1)
  4 frilled lizards
  4 goblins
  3 kobolds
  5 rats
38 creatures vanquished.

Notes
Turn   | Place    | Note
-------+----------+-------------------------------------------
     0 | D:1      | qw the Gargoyle Hunter began the quest for the Orb.
     0 | D:1      | Reached XP level 1. HP: 12/12 MP: 1/1
     0 | D:1      | 0 ||| qw: Version: 0.3-a-106-g2cfff9e
     0 | D:1      | 0 ||| qw: Game counter: 2109
     0 | D:1      | 0 ||| qw: Melee chars always use a shield: true
     0 | D:1      | 0 ||| qw: God list: Okawaru
     0 | D:1      | 0 ||| qw: Allow faded altars: false
     0 | D:1      | 0 ||| qw: Do Orc after clearing Dungeon:15 true
     0 | D:1      | 0 ||| qw: Do second Lair branch before Depths: true
     0 | D:1      | 0 ||| qw: Lair rune preference: random
     0 | D:1      | 0 ||| qw: Goals: Normal, Save, Zot:1-4, Win
     0 | D:1      | 0 ||| PLANNING D:1-11
   121 | D:1      | Reached XP level 2. HP: 17/17 MP: 2/2
   493 | D:1      | Reached XP level 3. HP: 21/21 MP: 3/3
   691 | D:1      | 691 ||| UPGRADING to +0 ring mail.
   701 | D:1      | 701 ||| DROPPING +0 leather armour.
   702 | D:1      | 702 ||| UPGRADING to +1 helmet.
   707 | D:1      | 707 ||| READING scroll labelled XUIFARGH GAICKO.
   707 | D:1      | 707 ||| ENCHANTING +1 helmet.
   708 | D:1      | 708 ||| READING scroll labelled UCRYLA DAGOJA.
   708 | D:1      | 708 ||| IDENTIFYING scroll labelled HEOFAI UDOY
   709 | D:1      | 709 ||| DROPPING scroll of butterflies.
   710 | D:1      | 710 ||| DROPPING scroll of vulnerability.
  1295 | D:2      | 1295 ||| READING scroll labelled UDAMUA WUDAA.
  1425 | D:3      | Found Jufeur's Armour Shoppe.
  1433 | D:3      | 1433 ||| BUYING +0 cloak (58 gold).
  1433 | D:3      | Bought a +0 cloak for 58 gold pieces
  1433 | D:3      | 1433 ||| BUYING +0 pair of gloves (58 gold).
  1433 | D:3      | Bought a +0 pair of gloves for 58 gold pieces
  1461 | D:3      | Reached skill level 1 in Armour
  1464 | D:3      | Reached skill level 5 in Ranged Weapons
  1581 | D:3      | Found Firaucie's Weapon Emporium.
  1643 | D:3      | Found Leho's Distillery.
  1646 | D:3      | Noticed an ogre
  1651 | D:3      | Killed an ogre
  1652 | D:3      | Reached XP level 4. HP: 30/30 MP: 4/4
  1652 | D:3      | Reached XP level 5. HP: 34/34 MP: 5/5
  1656 | D:3      | 1656 ||| BUYING 2 potions of curing (60 gold).
  1656 | D:3      | Bought 2 potions of curing for 60 gold pieces
  1656 | D:3      | 1656 ||| SHOPLISTING potion of curing (30 gold, have 7).
  1656 | D:3      | 1656 ||| SHOPLISTING potion of enlightenment (50 gold, have
                  | 7).
  1656 | D:3      | 1656 ||| SHOPLISTING potion of heal wounds (50 gold, have
                  | 7).
  1656 | D:3      | 1656 ||| SHOPLISTING potion of mutation (80 gold, have 7).
  1656 | D:3      | 1656 ||| SHOPLISTING potion of resistance (100 gold, have
                  | 7).
  1765 | D:3      | Noticed Sigmund
  1775 | D:3      | HP: 5/34 [something (5)]
  1779 | D:3      | Mangled by Sigmund

Levels and vault maps discovered:
D:1:      lemuel_arrival_broad_hall, layout_loops_ring, serial_bayou_lagoon_a,
          st_stairs_8
D:2:      layout_loops_ring, minmay_splitting_lines, kennysheep_generic_room_15
D:3:      layout_loops_ring, jmf_multi_god_temple2,
          ebering_ecumenical_altar_rust, serial_shops,
          nicolae_shop_behind_doors, shop, nicolae_shop_tiny_statue_garden,
          nicolae_shop_industrial_runoff, kennysheep_generic_room_4,
          uniq_crazy_yiuf_cottage, uniq_sigmund, uniq_grinder

Skill      XL: |  1  2  3 |
---------------+----------+-----
Armour         | 1 |  1.0
Ranged Weapons | 5 |  5.1
Fighting       | 4 |  4.4
Dodging        | |  1.5
Stealth        | |  1.1

Action                     |  1- 3 |  4- 6 || total
---------------------------+-------+-------++-------
   Fire: Shortbow          |   105 |    19 ||   124
    Use: Scroll            |     3 |       ||     3
 Armour: Leather armour    |    15 |       ||    15
         Ring mail         |    13 |    10 ||    23
  Dodge: Dodged            |    17 |       ||    17

Table legend:
 A = Non-vault XP
 B = Vault XP
 C = Vault XP percentage of total XP
 D = Non-vault monster count
 E = Vault monster count
 F = Vault count percentage of total count
                 A         B        C        D         E       F
            +---------+---------+-------+---------+---------+-------
      Total |     197 |       2 |   1.0 |      37 |       1 |   2.6
            +---------+---------+-------+---------+---------+-------
        D:1 |      35 |       2 |   5.4 |      21 |       1 |   4.5
        D:2 |       7 |       0 |   0.0 |       6 |       0 |   0.0
        D:3 |     155 |       0 |   0.0 |      10 |       0 |   0.0
            +---------+---------+-------+---------+---------+-------
